 Dungeon Crawl Stone Soup version 0.31-a0-267-g3fc6992b3b (webtiles) character file.

Game seed: 8977134620362234198

2359 Querens the Blocker (level 9, -2/59 (71) HPs)
             Began as a Formicid Fighter on July 14, 2023.
             Was a Priest of Okawaru.
             Slain by a wight
             ... wielding a +8 morningstar
              (9 damage)
             ... on level 7 of the Dungeon.
             The game lasted 00:17:58 (3904 turns).

Querens the Blocker (Formicid Fighter)              Turns: 3904, Time: 00:17:59

HP:   -2/59 (71)    AC: 14    Str: 25    XL:     9   Next: 72%
MP:   0/9           EV: 13    Int:  8    God:    Okawaru [***...]
Gold: 88            SH:  6    Dex: 13    Spells: 8/8 levels left

rFire   . . .        a - +0 war axe
rCold   . . .        c - +0 buckler
rNeg    . . .        i - +0 chain mail
rPois   .            (helmet unavailable)
rElec   .            (cloak currently unavailable)
rCorr   .            (gloves currently unavailable)
SInv    +            (boots currently unavailable)
Will    .....        q - amulet of guardian spirit Stlth
                     h - +5 ring of evasion
HPRegen 0.29/turn    l - +4 ring of protection
MPRegen 0.11/turn

%: guardian spirit
@: beast-form, heavily drained
A: beast (slay +3), permanent stasis, dig shafts and tunnels, antennae 3, four
strong arms
a: Dig, Shaft Self, Begin Untransformation, Renounce Religion, Heroism


You were on level 7 of the Dungeon.
You worshipped Okawaru.
Okawaru was most pleased with you.
You were a hulking beast.
You visited 2 branches of the dungeon, and saw 8 of its levels.

You collected 285 gold pieces.
You spent 197 gold pieces at shops.

Inventory:

Hand Weapons
 a - a +0 war axe (weapon)
 n - the +3 mace of the Solstice {heavy, rC+ rN+ Str+3 Stlth+}
   (You found it on level 2 of the Dungeon)

   Str:       It affects your strength (+3).
   rC:        It protects you from cold.
   rN:        It protects you from negative energy.
   Stlth:     It makes you more stealthy.
 s - the +7 hammer of Unitsof {holy, rN++}
   (You found it on level 3 of the Dungeon)

   rN:        It greatly protects you from negative energy.
 E - the +7 whip "Cauna" {holy, rF+ Dex+2}
   (You found it on level 5 of the Dungeon)

   Dex:       It affects your dexterity (+2).
   rF:        It protects you from fire.
Missiles
 A - 6 curare-tipped darts
Armour
 b - a +0 scale mail
 c - a +0 buckler (worn)
 i - a +0 chain mail (worn)
Jewellery
 h - a +5 ring of evasion (left hand)
 l - a +4 ring of protection (right hand)
 m - a ring of willpower
 q - an amulet of guardian spirit (around neck)
 x - a +6 ring of intelligence
Talismans
 f - a beast talisman
Scrolls
 g - 2 scrolls of enchant weapon
 t - a scroll of enchant armour
 u - 2 scrolls of fog
 v - 4 scrolls of poison
 y - a scroll of fear {unknown}
 z - 2 scrolls of immolation
 B - 2 scrolls of noise
Potions
 d - 2 potions of might
 e - a potion of curing
 j - a potion of heal wounds
 k - 2 potions of enlightenment
 o - 2 potions of mutation
 p - a potion of attraction {unknown}
 r - a potion of resistance {unknown}
 C - a potion of degeneration {unknown}
 D - a potion of invisibility {unknown}


   Skills:
 + Level 6.8 Fighting
 + Level 5.8 Axes
 + Level 6.8 Armour
 + Level 8.3 Shields
 + Level 5.0 Shapeshifting


You had 8 spell levels left.
You didn't know any spells.
Your spell library contained the following spells:

 Spells                   Type           Power      Damage    Failure   Level
 Apportation              Tloc           0%         N/A       93%         1
 Cigotuvi's Dreadful Rot  Necr/Pois/Air  0%         N/A       98%         2
 Ignite Poison            Fire/Tmut/Pois 0%         N/A       100%        3
 Alistair's Intoxication  Tmut/Pois      0%         N/A       100%        5
 Borgnjor's Vile Clutch   Necr/Erth      0%         N/A       100%        5
 Freezing Cloud           Conj/Ice/Air   0%         6-21      100%        5
 Eringya's Noxious Bog    Tmut/Pois      0%         4d6       100%        6
 Orb of Destruction       Conj           0%         9d5       100%        7
 Summon Guardian Golem    Hex/Summ       Unusable   N/A       N/A         3
 Spellforged Servitor     Conj/Summ      Unusable   N/A       N/A         7

Dungeon Overview and Level Annotations

Branches:
Dungeon (7/15)             Temple (1/1) D:4

Altars:
Ashenzari
Cheibriados
Dithmenos
Elyvilon
Fedhas
Gozag
Hepliaklqana
Kikubaaqudgha
Makhleb
Nemelex Xobeh
Okawaru
Qazlal
Ru
Sif Muna
Trog
Uskayaw
Vehumet
Wu Jian
Xom
Yredelemnul
Zin
The Shining One

Shops:
D:1 :   D:2 =::*:   D:4 ?


Innate Abilities, Weirdness & Mutations

You are a hulking beast.
Your limbs bulge with bestial killing power. (Slay +3)
You cannot be hasted, slowed, berserked, paralysed or teleported.
You can dig through walls and to a lower floor.
You have a pair of large antennae on your head. (SInv)
Your four strong arms can wield two-handed weapons with a shield.


Message History

Found a stone staircase leading up.
There is a stone staircase leading down here.
You climb downwards.
Found a scroll of identify.
Found a stone staircase leading down.
There is a stone staircase leading up here.
A wight comes into view. It is wielding a +3 dagger.
You see here a scroll of identify.
You barely miss the wight.
The wight hits you from afar with a +0 trident.
The wight hits you with a +8 morningstar!
You feel drained. The wight hits you with a +0 trident!
You feel drained. The wight hits you but does no damage.
You closely miss the wight. x2; The wight hits you with a +0 trident!
You feel drained. The wight hits you but does no damage.
You hit the wight.
The wight is moderately damaged.
You slash the wight! The wight hits you with a +0 trident.
You feel drained. The wight misses you.
You barely miss the wight.
The wight is moderately damaged.
You hit the wight but do no damage. x2; The wight hits you with a +3 dagger.
The wight barely misses you.
The wight hits you with a +8 morningstar!
* * * LOW HITPOINT WARNING * * *
Unknown command.
Unknown command.
You closely miss the wight.
The wight is heavily damaged.
You hit the wight. x2; The wight hits you with a +0 trident.
* * * LOW HITPOINT WARNING * * *
You feel drained.
* * * LOW HITPOINT WARNING * * *
You block the wight's attack. The wight barely misses you.
The wight hits you with a +3 dagger.
* * * LOW HITPOINT WARNING * * *
You feel drained.
* * * LOW HITPOINT WARNING * * *
The wight hits you with a +8 morningstar!
You die...

# ###### ..
##.#..#...
#.........
##<....#
##....###
##...?.#
#..>.zh#
#.....zz...#
#.......####
#........{
#.....#....
#...###....#
##.. ......
#. ...#...


You could see 3 wights.

Vanquished Creatures
  Pikel (D:5)
  Grinder (D:4)
  Eustachio (D:4)
  A water moccasin (D:5)
  2 ice beasts (D:5)
  2 ogres
  A black bear (D:6)
  A centaur (D:5)
  3 phantoms
  2 howler monkeys (D:6)
  4 hounds
  2 orc priests
  A sleepcap (D:5)
  4 iguanas
  3 orc wizards (D:5)
  Natasha (twice) (D:4)
  Terence (D:3)
  Robin (D:3)
  8 adders
  A shadow imp (D:3)
  An ufetubus (D:5)
  2 worms
  2 dart slugs
  10 orcs
  5 ball pythons
  4 bats
  6 endoplasms
  3 giant cockroaches
  17 goblins
  8 hobgoblins
  7 jackals
  10 kobolds
  6 quokkas
  5 frilled lizards
  5 rats
133 creatures vanquished.

Notes
Turn   | Place    | Note
-------+----------+-------------------------------------------
     0 | D:1      | Querens the Formicid Fighter began the quest for the Orb.
     0 | D:1      | Reached XP level 1. HP: 18/18 MP: 1/1
    77 | D:1      | Reached XP level 2. HP: 24/24 MP: 2/2
    92 | D:1      | Found Kerph's Book Shoppe.
   140 | D:1      | Reached skill level 1 in Shapeshifting
   354 | D:1      | Reached XP level 3. HP: 29/29 MP: 3/3
   653 | D:2      | Found Luhorph's Book Emporium.
   657 | D:2      | Found Eleaxtum's Book Shop.
   714 | D:2      | Found Eggef Qau's Jewellery Emporium.
   720 | D:2      | Reached XP level 4. HP: 37/37 MP: 4/4
   875 | D:2      | Found Jekutz's Book Boutique.
   879 | D:2      | Found Biufi's Assorted Antiques.
   948 | D:2      | Found a faded altar of an unknown god.
  1023 | D:2      | Identified the +3 mace of the Solstice {heavy, rC+ rN+
                  | Str+3 Stlth+}
  1157 | D:2      | Bought a bubbling cyan potion for 27 gold pieces
  1157 | D:2      | Bought a glowing golden potion for 27 gold pieces
  1456 | D:3      | Identified the +7 hammer of Unitsof {holy, rN++}
  1493 | D:3      | Found a stormy altar of Qazlal.
  1611 | D:3      | Reached XP level 5. HP: 26/42 MP: 3/5
  1615 | D:3      | Noticed Terence
  1621 | D:3      | Killed Terence
  1767 | D:3      | Noticed Robin
  1778 | D:3      | Killed Robin
  1780 | D:3      | Reached skill level 5 in Shields
  1953 | D:4      | Reached XP level 6. HP: 47/48 MP: 6/6
  1959 | D:4      | Noticed Natasha
  1967 | D:4      | Killed Natasha
  1974 | D:4      | Found a staircase to the Ecumenical Temple.
  1986 | Temple   | Entered the Ecumenical Temple
  2013 | Temple   | Became a worshipper of Warmaster Okawaru
  2090 | D:4      | Found Bobre's Magic Scroll Boutique.
  2098 | D:4      | Bought a scroll of identify for 22 gold pieces
  2098 | D:4      | Bought a scroll of identify for 22 gold pieces
  2098 | D:4      | Bought a scroll of noise for 11 gold pieces
  2111 | D:4      | Found a radiant altar of Vehumet.
  2503 | D:4      | Bought a scroll of immolation for 44 gold pieces
  2521 | D:4      | Noticed Grinder
  2537 | D:4      | Killed Grinder
  2538 | D:4      | Reached XP level 7. HP: 48/55 MP: 7/7
  2626 | D:4      | Noticed Eustachio
  2660 | D:4      | Killed Eustachio
  2660 | D:4      | Reached * piety under Okawaru
  2661 | D:4      | Reached skill level 5 in Fighting
  2661 | D:4      | Reached skill level 5 in Armour
  2661 | D:4      | Reached skill level 6 in Shields
  2666 | D:4      | Noticed Natasha
  2673 | D:4      | Killed Natasha
  2848 | D:4      | Bought a scroll of poison for 44 gold pieces
  2880 | D:5      | Entered Level 5 of the Dungeon
  2891 | D:5      | Reached XP level 8. HP: 57/62 MP: 5/8
  2922 | D:5      | Reached ** piety under Okawaru
  2923 | D:5      | HP: 2/63 [poisoned by a water moccasin]
  3115 | D:5      | Reached skill level 7 in Shields
  3233 | D:5      | Identified the +7 whip "Cauna" {holy, rF+ Dex+2}
  3304 | D:5      | Noticed Pikel
  3326 | D:5      | Killed Pikel
  3326 | D:5      | Reached *** piety under Okawaru
  3327 | D:5      | Reached skill level 5 in Axes
  3327 | D:5      | Reached XP level 9. HP: 22/71 MP: 3/9
  3509 | D:6      | Reached skill level 8 in Shields
  3582 | D:6      | Found a shimmering blue altar of Sif Muna.
  3725 | D:6      | Found a basalt altar of Yredelemnul.
  3727 | D:6      | Found a white marble altar of Elyvilon.
  3733 | D:6      | Found a snail-covered altar of Cheibriados.
  3739 | D:6      | Found a sacrificial altar of Ru.
  3739 | D:6      | Found an ancient bone altar of Kikubaaqudgha.
  3744 | D:6      | Found a broken altar of Ashenzari.
  3746 | D:6      | Found a hide-covered altar of Uskayaw.
  3850 | D:6      | Reached skill level 5 in Shapeshifting
  3904 | D:7      | Slain by a wight

Illustrated notes

Levels and vault maps discovered:
D:1:      minmay_arrival_semitransparent, layout_loops_ring, serial_shops, shop,
          minmay_tree_intersection, hex_large, minmay_hexomino_f4
D:2:      layout_rooms, serial_co_window_serial, co_window_paths_a,
          co_window_paths_a, co_window_paths_b, co_window_corner_a,
          co_window_of_opportunity_a, co_window_of_opportunity_a,
          co_window_corner_b, co_window_broadway_a, co_window_corner_b,
          co_window_4corner_b, co_window_paths_d,
          shapermc_ecumenical_altar_mp_vishouse, serial_shops,
          nicolae_shop_behind_doors, nicolae_book_shop_shelving, shop,
          nicolae_shop_tiny_statue_garden, shop
D:3:      layout_basic, mainiacjoe_overflow_brackets, uniq_robin, uniq_terence,
          uniq_crazy_yiuf_cottage
D:4:      layout_layer_cave, minmay_temple_entry_mini_moons, serial_shops, shop,
          minmay_misc_feat_doors, kennysheep_diamond, abandoned_shop,
          uniq_eustachio, uniq_grinder, uniq_natasha
D:5:      layout_loops_ring, kennysheep_generic_room_15, uniq_pikel
D:6:      layout_basic, nicolae_overflow_hallway_of_the_gods,
          overflow_temple_1_default
D:7:      layout_cave_pools, uniq_duvessa, uniq_joseph, uniq_maggie
Temple:   hellmonk_temple_forest_ring

Skill      XL: |  1  2  3  4  5  6  7  8  9 |
---------------+----------------------------+-----
Shapeshifting  | 1 2 3 4 5 |  5.0
Fighting       | 4 5 6 |  6.8
Armour         | 4 5 6 |  6.8
Shields        | 5 6 7 8 |  8.3
Axes           | 3 4 5 |  5.8

Action                     |  1- 3 |  4- 6 |  7- 9 || total
---------------------------+-------+-------+-------++-------
  Melee: War axe           |    77 |   144 |   146 ||   367
         Mace              |       |       |    13 ||    13
  Throw: Dart              |       |       |     4 ||     4
Ability: Begin Untransform |     1 |       |       ||     1
         Dig               |     1 |     1 |       ||     2
    Use: Scroll            |       |       |     9 ||     9
         Potion            |       |       |     3 ||     3
 Armour: Scale mail        |    18 |       |       ||    18
         Chain mail        |    18 |    63 |    87 ||   168
  Dodge: Dodged            |    59 |   112 |   169 ||   340
  Block: Buckler           |    18 |    64 |    50 ||   132
   Form: Beast             |     2 |       |       ||     2

Table legend: (Time is in decaauts)
 A = Elapsed time spent in this place.
 B = Non-inter-level travel time spent in this place.
 C = Inter-level travel time spent in this place.
 D = Time resting spent in this place.
 E = Time spent auto-exploring this place.
 F = Levels seen in this place.
 G = Mean time per level.
                   A        B        C        D        E       F      G
               +--------+--------+--------+--------+--------+-----+--------+
         Total |   4034 |   3914 |    120 |      2 |      0 |   8 |  504.2 |
       Dungeon |   3956 |   3836 |    120 |      2 |      0 |   7 |  565.1 |
        Temple |     77 |     77 |      0 |      0 |      0 |   1 |   77.0 |
               +--------+--------+--------+--------+--------+-----+--------+

Top non-repeatable levels by time:
     D:4: 892 daAuts
     D:2: 830 daAuts
     D:5: 643 daAuts
     D:1: 591 daAuts
     D:3: 582 daAuts
     D:6: 407 daAuts
  Temple: 77 daAuts
     D:7: 8 daAuts
